 Dungeon Crawl Stone Soup version 0.27.1-34-g3ba077fa99 (webtiles) character file.

Game seed: 4223908818932055328

64 boopmooplesden the Covered (level 3, 0/33 HPs)
             Began as a Minotaur Fighter on Jan 21, 2022.
             Killed by nerve-wracking pain
             ... invoked by an orc priest
              (1 damage)
             ... on level 3 of the Dungeon.
             The game lasted 00:01:50 (1700 turns).

boopmooplesden the Covered (Minotaur Fighter)       Turns: 1700, Time: 00:01:50

Health: 0/33       AC:  8    Str: 20 (21) XL:     3   Next: 91%
Magic:  2/2        EV:  7    Int:  3 (5)  God:
Gold:   68         SH:  9    Dex:  7 (9)  Spells: 2/2 levels left

rFire    . . .     SeeInvis .   a - +0 long sword
rCold    . . .     Faith    .   c - +0 kite shield
rNeg     . . .     Spirit   .   b - +0 scale mail
rPois    .         Reflect  .   (helmet restricted)
rElec    .         Harm     .   (no cloak)
rCorr    .         Rampage  .   h - +0 pair of gloves
Will     .....                  (no boots)
Stlth    ..........             (no amulet)
HPRegen  0.11/turn              (no ring)
MPRegen  0.08/turn              (no ring)

@: invisible
A: horns 2, retaliatory headbutt
a: no special abilities


You were on level 3 of the Dungeon.
You visited 1 branch of the dungeon, and saw 3 of its levels.

You collected 68 gold pieces.

Inventory:

Hand Weapons
 a - a +0 long sword (weapon)
Missiles
 i - a throwing net (quivered)
Armour
 b - a +0 scale mail (worn)
 c - a +0 kite shield (worn)
 h - a +0 pair of gloves (worn)
Potions
 d - a potion of flight {unknown}


   Skills:
 + Level 4.1 Fighting
 + Level 3.2 Long Blades
 + Level 4.4 Armour
 + Level 0.4 Dodging
 + Level 4.2 Shields


You had 2 spell levels left.
You didn't know any spells.
Your spell library was empty.

Dungeon Overview and Level Annotations

Branches:
Dungeon (3/15)

Altars:


Innate Abilities, Weirdness & Mutations

You have a pair of horns on your head.
You reflexively headbutt those who attack you in melee.


Message History

The orc priest hits you but does no damage.
Your shield and scale mail prevent you from hitting the orc priest.
Your headbutt misses the orc priest. You block the orc priest's attack.
You closely miss the orc priest.
The orc priest hits you with a +0 hand axe.
You barely miss the orc priest.
The orc priest hits you with a +0 hand axe.
You block the orc priest's attack.
You barely miss the orc priest. You headbutt the orc priest.
The orc priest is moderately wounded.
You block the orc priest's attack.
You barely miss the orc priest.
The orc priest is moderately wounded.
The orc priest closely misses you.
You riposte.
You slash the orc priest!
The orc priest is almost dead.
The orc completely misses you. The orc hits you with a +0 dagger.
The orc priest mumbles some strange prayers to Beogh against you.
Pain shoots through your body!
* * * LOW HITPOINT WARNING * * *
You closely miss the orc priest.
The orc priest is almost dead.
You block the orc's attack. The orc hits you but does no damage.
You block the orc priest's attack. The orc barely misses you.
You furiously retaliate!
You headbutt the orc, but do no damage. You closely miss the orc priest.
The orc priest is almost dead.
The orc hits you but does no damage. You block the orc priest's attack.
The orc hits you with a +0 flail.
* * * LOW HITPOINT WARNING * * *
You block the orc's attack.
The orc priest miscasts a cantrip.
It was a potion of degeneration.
There was something very wrong with that liquid.
You feel weakened.
You feel dopey.
You feel clumsy.
You block the orc's attack. x2; The orc priest completely misses you.
You fade into invisibility!
You block the orc's attack. x2
The orc priest calls down the wrath of Beogh upon you.
Pain shoots through your body!
You die...

.#. # ...# #. #..#
#.##..### #.......#####
...........#
######..#o###.#
!......o@.# #.#
##############.o### #.#
........# #..# #.#
...####.#
#..#####.########
...####.#
##>..............
........#
#######.########
...###### #.# ...# #.#
...##################.#


You could see an orc priest and 2 orcs.

Vanquished Creatures
  2 adders (D:2)
  2 worms (D:2)
  3 dart slugs
  6 endoplasms
  4 goblins
  4 hobgoblins
  A quokka (D:3)
  4 ball pythons
  3 bats
  A frilled lizard (D:2)
  2 rats (D:1)
32 creatures vanquished.

Notes
Turn   | Place    | Note
-------+----------+-------------------------------------------
     0 | D:1      | boopmooplesden the Minotaur Fighter began the quest for the
                  | Orb.
     0 | D:1      | Reached XP level 1. HP: 19/19 MP: 0/0
    69 | D:1      | Found a faded altar of an unknown god.
   138 | D:1      | Reached XP level 2. HP: 27/27 MP: 1/1
   725 | D:2      | Reached XP level 3. HP: 29/33 MP: 2/2
  1698 | D:3      | HP: 1/33 [orc (4)]
  1700 | D:3      | Killed from afar by an orc priest

Illustrated notes

Levels and vault maps discovered:
D:1:      minmay_arrival_five_plusses, layout_basic,
          hellmonk_ecumenical_altar_leap_of_faith
D:2:      layout_loops_ring, minmay_fractal_squares_5
D:3:      layout_basic, lemuel_flame_loot_1

Skill      XL: |  1  2  3 |
---------------+----------+-----
Shields        | 4 |  4.2
Armour         | 4 |  4.4
Fighting       | 4 |  4.1
Long Blades    | 3 |  3.2
Dodging        | |  0.4

Action                   || total
-------------------------++-------
Melee: Long sword        ||    73
       Headbutt          ||    10
  Use: Potion            ||     3
       Scroll            ||     3
Armor: Scale mail        ||    37
Dodge: Dodged            ||    26
Block: Kite shield       ||    42
       Rpst.: Long sword ||     9
